 Dungeon Crawl Stone Soup version 0.26.0-45-g9c1d065592 (webtiles) character file.

Game seed: 16409963908568855260

15429 thiole the Fighter (level 12, -7/96 HPs)
             Began as an Octopode Venom Mage on Jan 27, 2021.
             Was an Initiate of Gozag.
             Mangled by an ice beast (8 damage)
             ... in an ice cave.
             The game lasted 00:55:11 (22681 turns).

thiole the Fighter (Octopode Venom Mage)           Turns: 22681, Time: 00:55:11

Health: -7/96      AC:  5    Str:  9    XL:     12   Next: 26%
Magic:  0/22       EV: 13    Int: 23    God:    Gozag
Gold:   1759       SH:  0    Dex: 14    Spells: 13/25 levels left

rFire    + + .     SeeInvis .   (no weapon)
rCold    . . .     Faith    .   (no shield)
rNeg     . . .     Spirit   +   (helmet restricted)
rPois    +         Reflect  .   r - amulet of guardian spirit
rElec    .         Harm     .   j - ring of flight
rCorr    .         Rampage  .   w - ring of protection from fire
Will     +....                  x - +4 ring of protection
Stlth    +++.......             G - ring of protection from fire
HPRegen  0.26/turn              v - ring of willpower
MPRegen  0.18/turn              E - ring of poison resistance
                                (no ring)
                                (no ring)

@: gold aura
A: almost no armour, stealthy swim, amphibious, 8 rings, constrict 8, camouflage
1, clever 1, strong 1, gelatinous body 1
a: Renounce Religion, Evoke Flight, Potion Petition, Call Merchant, Bribe Branch


You were in an ice cave.
You worshipped Gozag.
Gozag was most pleased with you.
You visited 3 branches of the dungeon, and saw 13 of its levels.
You also visited: Ice Cave.

You collected 1850 gold pieces.
You paid 91 gold pieces to Gozag.

Inventory:

Missiles
 m - 3 large rocks
 M - 7 javelins
Jewellery
 j - a ring of flight (left tentacle)
 r - an amulet of guardian spirit (around mantle)
 v - a ring of willpower (on tentacle)
 w - a ring of protection from fire (right tentacle)
 x - a +4 ring of protection (on tentacle)
 E - a ring of poison resistance (on tentacle)
 G - a ring of protection from fire (on tentacle)
Wands
 l - a wand of flame (39)
 t - a wand of polymorph (15)
 y - a wand of digging (20)
 I - a wand of iceblast (5)
Scrolls
 a - 8 scrolls of remove curse
 c - 7 scrolls of magic mapping
 d - 6 scrolls of teleportation
 e - 12 scrolls of identify
 g - a scroll of blinking {unknown}
 i - 2 scrolls of enchant armour {unknown}
 p - 2 scrolls of immolation
 A - 2 scrolls of amnesia {unknown}
 C - a scroll of fog {unknown}
 D - a scroll of fear {unknown}
 H - a scroll of vulnerability {unknown}
Potions
 k - a potion of cancellation
 n - a potion of mutation
 o - a potion of flight
 K - a potion of attraction
Miscellaneous
 L - a condenser vane (inert)


   Skills:
 + Level 14.2 Fighting
 - Level 2.0 Dodging
 - Level 2.6 Stealth
 * Level 7.0 Spellcasting
 - Level 5.0 Summonings
 - Level 4.0 Transmutations
 - Level 4.0 Fire Magic
 - Level 5.0 Air Magic
 - Level 7.0 Poison Magic


You had 13 spell levels left.
You knew the following spells:

 Your Spells              Type           Power        Failure   Level
a - Sting                 Tmut/Pois      100%         1%          1
b - Olgreb's Toxic Radia  Pois           40%          4%          4
c - Ignite Poison         Fire/Tmut/Pois 31%          3%          3
d - Summon Lightning Spi  Summ/Air       31%          10%         4

Your spell library contained the following spells:

 Spells                   Type           Power        Failure   Level
 Summon Small Mammal      Summ           100%         1%          1
 Call Imp                 Summ           31%          1%          2
 Poisonous Vapours        Pois/Air       70%          1%          2
 Call Canine Familiar     Summ           31%          3%          3
 Mephitic Cloud           Conj/Pois/Air  26%          4%          3
 Corona                   Hex            8%           8%          1
 Summon Guardian Golem    Hex/Summ       19%          9%          3
 Ensorcelled Hibernation  Hex/Ice        16%          12%         2
 Confusing Touch          Hex            8%           22%         3
 Dazzling Flash           Conj/Hex       16%          22%         3
 Tukima's Dance           Hex            8%           22%         3
 Summon Ice Beast         Ice/Summ       19%          26%         4


Dungeon Overview and Level Annotations

Branches:
Dungeon (11/15)            Temple (1/1) D:7            Lair (0/6) D:9
    Orc (1/2) D:10          IceCv (1/1)

Altars:
Ashenzari
Cheibriados
Dithmenos
Elyvilon
Fedhas
Gozag
Hepliaklqana
Kikubaaqudgha
Makhleb
Nemelex Xobeh
Okawaru
Qazlal
Ru
Sif Muna
Trog
Uskayaw
Vehumet
Wu Jian
Xom
Yredelemnul
Zin
The Shining One

Shops:
D:5 ?   D:6 [   D:11 =   Orc:1 ?(

Annotations:
D:10 2 runed translucent doors IceCv exclusion: 2 ice statues


Innate Abilities, Weirdness & Mutations

You cannot wear most types of armour.
You are very stealthy in the water. (Stealth+)
You are amphibious.
You can wear up to eight rings at the same time.
You can use your tentacles to constrict eight enemies at once.
Your skin changes colour to match your surroundings (Stealth+).
Your rubbery body absorbs attacks. (AC +1, EV +1)
Your mind is acute. (Int +2)
Your muscles are strong. (Str +2)


Message History

The ice beast becomes distracted by the nearby gold, dreaming of imaginary riches.
The ice beast hits you.
* * * LOW HITPOINT WARNING * * *
The ice beast freezes you!
* * * LOW HITPOINT WARNING * * *
Your lightning spire shoots out a bolt of lightning at the ice beast!
The bolt of electricity hits the ice beast.
The ice beast is no longer distracted by gold.
The bolt of electricity hits the ice beast!
The ice beast dies!
Aiming: Throw Flame
Press: ? - help, Shift-Dir - straight line, f/p - ice beast
Aim: an ice beast (noxious fumes, moderately wounded, 32% to evade)
The puff of flame hits the ice beast.
The ice beast melts!
The ice beast is severely wounded.
The ice beast hits you.
* * * LOW HITPOINT WARNING * * *
The ice beast freezes you!
You die...
Your body crumbles into a pile of gold.

# 8..Y.....##
####.........#
.##..........##
...........§§##
.............Y##
#.........##☼Y#
#
##.......Y###Y##
# #8.......##
#°8# # #.....8.#
##@# ##.....##
#Y# #..$..# #Y○
###..## #..#
#.#°## #☼○#
###..# ##§.
##.## #§ #..##
#. # ##..#


You could see 5 ice beasts and a friendly lightning spire (summoned).

Vanquished Creatures
  Josephine (D:11)
  Harold (D:11)
  A hydra (D:11)
  A two-headed ogre (D:9)
  Urug (D:10)
  Sonja (D:10)
  An ugly thing (D:9)
  A cyclops (D:11)
  Maurice (D:8)
  Joseph (D:9)
  2 kobold demonologists (D:7)
  A rime drake (IceCv)
  A troll (D:11)
  A hornet (D:11)
  A wyvern (D:10)
  Eustachio (D:4)
  A wraith (D:11)
  2 yaks
  A steam dragon (D:11)
  5 water moccasins
  Duvessa (D:7)
  A nameless horror (D:10)
  A sky beast (D:11)
  A phantom (D:5)
  3 orc warriors
  5 ice beasts
  4 black bears
  An eye of draining (D:11)
  A necrophage (D:10)
  9 ogres
  4 centaurs
  A big kobold (D:5)
  10 bullfrogs
  2 wyvern skeletons
  Dowan (D:7)
  A water moccasin skeleton (D:6)
  6 scorpions
  4 howler monkeys
  A quasit (D:9)
  A bullfrog zombie (D:5)
  A centaur zombie (D:7)
  11 orc priests
  2 bullfrog skeletons (D:10)
  2 centaur skeletons
  2 hounds
  3 jellies
  9 orc wizards
  A gnoll shaman (D:7)
  2 iguanas
  Ijyb (D:4)
  8 worker ants
  A hound skeleton (D:6)
  A worker ant zombie (D:9)
  8 gnolls
  24 adders
  5 shadow imps
  9 white imps
  4 ufetubi
  An ooze (D:4)
  An adder zombie (D:7)
  3 worms
  7 dart slugs
  7 leopard geckos
  20 orcs
  A ball python (D:4)
  6 giant cockroaches
  7 goblins
  7 hobgoblins
  6 jackals
  9 kobolds
  4 quokkas
  4 bats
  6 frilled lizards
  A leopard gecko zombie (D:9)
  A quokka skeleton (D:5)
  8 rats
277 creatures vanquished.

Vanquished Creatures (collateral kills)
  A two-headed ogre (D:11)
  An ugly thing (D:11)
  3 wraiths (D:11)
  2 nameless horrors
  7 ice beasts (IceCv)
  An ogre (Orc:1)
  A phantom (D:11)
  A hound (D:11)
  2 orc priests (D:11)
  A centaur skeleton (D:11)
  A hound zombie (D:11)
  A worker ant zombie (D:11)
  5 white imps (Orc:1)
  An orc (D:11)
28 creatures vanquished.

Vanquished Creatures (others)
  A rime drake (IceCv)
  32 fungi (D:9)
  38 plants
71 creatures vanquished.

Grand Total: 376 creatures vanquished

Notes
Turn   | Place    | Note
-------+----------+-------------------------------------------
     0 | D:1      | thiole the Octopode Venom Mage began the quest for the Orb.
     0 | D:1      | Reached XP level 1. HP: 11/11 MP: 3/3
   128 | D:1      | Reached XP level 2. HP: 12/17 MP: 0/5
   985 | D:1      | Reached XP level 3. HP: 21/21 MP: 2/6
  1193 | D:2      | Reached XP level 4. HP: 20/27 MP: 1/7
  1200 | D:2      | Noticed an ogre
  1613 | D:2      | Learned a level 4 spell: Olgreb's Toxic Radiance
  1617 | D:2      | Learned a level 3 spell: Ignite Poison
  2167 | D:2      | Killed an ogre
  2168 | D:2      | Reached skill level 1 in Fire Magic
  2168 | D:2      | Reached skill level 5 in Poison Magic
  2168 | D:2      | Reached XP level 5. HP: 31/31 MP: 0/9
  2359 | D:3      | Reached XP level 6. HP: 15/36 MP: 0/11
  2586 | D:3      | Found a shimmering altar of Xom.
  3503 | D:3      | Reached XP level 7. HP: 41/41 MP: 8/12
  3564 | D:3      | Found a snail-covered altar of Cheibriados.
  3936 | D:4      | Noticed Eustachio
  3960 | D:4      | Killed Eustachio
  4307 | D:4      | Noticed Ijyb
  4311 | D:4      | Killed Ijyb
  4629 | D:4      | Reached XP level 8. HP: 46/46 MP: 10/14
  5065 | D:4      | Found a glowing silver altar of Zin.
  5066 | D:4      | Noticed an angel
  5121 | D:5      | Entered Level 5 of the Dungeon
  5185 | D:5      | Found an ornate altar of the Wu Jian Council.
  5329 | D:5      | Reached skill level 5 in Spellcasting
  5496 | D:5      | Reached skill level 1 in Fighting
  5622 | D:5      | Reached skill level 2 in Fighting
  5885 | D:5      | Reached skill level 3 in Fighting
  6151 | D:5      | Found a blossoming altar of Fedhas.
  6254 | D:5      | Found Jiacs's Magic Scroll Shop.
  6281 | D:5      | You fall into a shaft and drop 1 floor!
  6296 | D:6      | Reached skill level 4 in Fighting
  6522 | D:6      | Reached skill level 5 in Fighting
  6759 | D:6      | Reached skill level 6 in Fighting
  6759 | D:6      | Reached XP level 9. HP: 62/62 MP: 0/16
  6887 | D:6      | Found Leqarug's Armour Emporium.
  7636 | D:7      | Noticed a kobold demonologist
  7637 | D:7      | Found a transporter.
  7694 | D:7      | Noticed a kobold demonologist
  7695 | D:7      | Found a transporter.
  7723 | D:7      | Noticed Duvessa
  7724 | D:7      | Reached skill level 7 in Fighting
  7727 | D:7      | Noticed Dowan
  7826 | D:7      | Killed Duvessa
  7826 | D:7      | Killed Dowan
  8696 | D:7      | Reached skill level 8 in Fighting
  9192 | D:7      | Reached skill level 9 in Fighting
  9765 | D:7      | Killed a kobold demonologist
  9774 | D:7      | Killed a kobold demonologist
  9775 | D:7      | Reached skill level 10 in Fighting
  9775 | D:7      | Reached XP level 10. HP: 43/76 MP: 1/17
  9936 | D:7      | Found a staircase to the Ecumenical Temple.
  9977 | Temple   | Entered the Ecumenical Temple
 10037 | Temple   | Became a worshipper of Gozag Ym Sagoz the Greedy
 11640 | D:8      | Found a sacrificial altar of Ru.
 11660 | D:8      | Reached skill level 11 in Fighting
 11812 | D:8      | Noticed Maurice
 11820 | D:8      | Killed Maurice
 12463 | D:9      | Noticed Joseph
 12467 | D:9      | Killed Joseph
 12712 | D:9      | Reached skill level 12 in Fighting
 12973 | D:9      | Noticed a red ugly thing
 13113 | D:9      | Killed a red ugly thing
 13615 | D:9      | Noticed a two-headed ogre
 13635 | D:9      | Killed a two-headed ogre
 13636 | D:9      | Reached skill level 13 in Fighting
 13636 | D:9      | Reached XP level 11. HP: 88/88 MP: 0/18
 13924 | D:9      | Learned a level 4 spell: Summon Lightning Spire
 13963 | D:9      | Found a staircase to the Lair.
 14099 | D:9      | Reached skill level 1 in Summonings
 14211 | D:9      | Reached skill level 1 in Air Magic
 14588 | D:9      | Found a white marble altar of Elyvilon.
 14973 | D:9      | Found a hazy altar of Hepliaklqana.
 15163 | D:10     | Entered Level 10 of the Dungeon
 15901 | D:10     | Found a staircase to the Orcish Mines.
 16035 | D:10     | Noticed Sonja
 16039 | D:10     | Killed Sonja
 16251 | D:10     | Noticed Urug
 16261 | D:10     | Killed Urug
 16535 | D:10     | Found a large runed translucent door.
 16535 | D:10     | Found a large runed translucent door.
 16726 | D:10     | Noticed a cyclops
 16727 | D:10     | Noticed a cyclops
 17781 | D:11     | Noticed a cyclops
 17825 | D:11     | Gained mutation: Your muscles are strong. (Str +2) [potion
                  | of mutation]
 17825 | D:11     | Gained mutation: Your mind is acute. (Int +2) [potion of
                  | mutation]
 17840 | D:11     | Killed a cyclops
 17999 | D:11     | Noticed a two-headed ogre
 18005 | D:11     | Killed a two-headed ogre
 18525 | D:11     | Found Yli Mem's Jewellery Shop.
 18714 | D:11     | Noticed Josephine
 18734 | D:11     | Killed Josephine
 18735 | D:11     | Reached skill level 5 in Summonings
 18735 | D:11     | Reached skill level 5 in Air Magic
 18777 | D:11     | Noticed Harold
 19071 | D:11     | Noticed a green ugly thing
 19082 | D:11     | Killed a green ugly thing
 19776 | D:11     | Noticed a four-headed hydra
 19828 | D:11     | Killed a four-headed hydra
 19829 | D:11     | Reached skill level 14 in Fighting
 19829 | D:11     | Reached XP level 12. HP: 25/96 MP: 1/20
 21143 | D:11     | Killed Harold
 21533 | Orc:1    | Entered Level 1 of the Orcish Mines
 21547 | Orc:1    | Found Qiliario's Antique Weapon Shoppe.
 21558 | Orc:1    | Found Netu's Magic Scroll Shop.
 21635 | Orc:1    | Found a frozen archway.
 21651 | IceCv    | Entered an ice cave
 22680 | IceCv    | HP: 3/96 [ice beast (12)]
 22681 | IceCv    | HP: 1/96 [ice beast (2)]
 22681 | IceCv    | Mangled by an ice beast

Illustrated notes

Levels and vault maps discovered:
D:1:      mrwooster_arrival_statue_3, layout_loops_ring, st_stairs_1
D:2:      cheibrodos_helix_gallery, layout_rooms, grunt_ministairs_4
D:3:      layout_rooms, nicolae_overflow_crystal_walls,
          lemuel_coloured_pillars_altar
D:4:      minmay_diamond_boxcup, layout_loops_ring, zin_angel, st_stairs_6,
          minmay_crossroads, uniq_eustachio, uniq_ijyb
D:5:      layout_loops_ring, basic_altar, serial_shops, shop, fedhas_altar_1
D:6:      layout_loops_ring, serial_shops, shop
D:7:      gammafunk_wand_slinger, layout_layer_cave,
          minmay_temple_entry_poolview, uniq_duvessa
D:8:      layout_cave_pods, marbit_many_paths, uniq_maurice
D:9:      layout_basic, nzn_hepliaklqana_mist_gate, due_lair_maze_entry_diamond,
          elyvilon_altar_1, uniq_joseph
D:10:     okawaru_arena_lexackson, layout_long_grid, orc_0_dummy, uniq_sonja,
          uniq_urug
D:11:     layout_stronghold, serial_shops, shop, hangedman_decor_opposing,
          st_stairs_13, uniq_josephine, uniq_harold
Temple:   minmay_crystal_spiral_temple
Orc:1:    layout_caves, portal_ice_cave_entry_imps, serial_shops,
          shop_fountains, nicolae_shop_trees, nicolae_shop_behind_doors,
          shop_scrolls, shop, uniq_fannar
IceCv:    ice_cave_small_dragons

Skill      XL: |  1  2  3  4  5  6  7  8  9 10 11 12 |
---------------+-------------------------------------+-----
Poison Magic   | 4 5 6 7 |  7.0
Transmutations | 2 3 4 |  4.0
Spellcasting   | 3 4 5 7 |  7.0
Fire Magic     | 1 2 3 4 |  4.0
Fighting       | 6 10 13 14 | 14.2
Summonings     | 5 |  5.0
Air Magic      | 5 |  5.0
Dodging        | |  2.0
Stealth        | |  2.6

Action                   |  1- 3 |  4- 6 |  7- 9 | 10-12 || total
-------------------------+-------+-------+-------+-------++-------
Melee: Unarmed           |    18 |    35 |    78 |   243 ||   374
       Constrict         |     8 |    12 |    14 |    26 ||    60
       Tentacles         |     4 |     7 |    18 |    45 ||    74
 Cast: Sting             |    40 |    86 |    98 |   135 ||   359
       Olgreb's Toxic Ra |       |     1 |    43 |    82 ||   126
       Ignite Poison     |       |       |    34 |    59 ||    93
       Summon Lightning  |       |       |       |    57 ||    57
Evoke: Wand              |       |       |    10 |    40 ||    50
       Condenser vane    |       |       |       |     1 ||     1
  Use: Potion            |       |       |     6 |    21 ||    27
       Scroll            |       |       |     4 |     3 ||     7
 Stab: Sleeping          |     1 |       |     2 |     4 ||     7
       Paralysed         |       |       |     2 |       ||     2
       Distracted        |       |       |       |     3 ||     3
Armor: Skin              |     1 |     3 |    50 |   125 ||   179
Dodge: Dodged            |    14 |    32 |   146 |   234 ||   426
